 Dungeon Crawl Stone Soup version 0.30-a0-509-gd016549fea (webtiles) character file.

Game seed: 12199733407574628440

165 Borgoz the Trooper (level 5, 0/33 HPs)
             Began as a Gargoyle Berserker on Dec 22, 2022.
             Was a Follower of Trog.
             Slain by a wight
             ... wielding a +1 halberd
              (12 damage)
             ... on level 4 of the Dungeon.
             The game lasted 00:02:23 (2130 turns).

Borgoz the Trooper (Gargoyle Berserker)             Turns: 2130, Time: 00:02:23

Health: 0/33       AC: 10    Str: 27    XL:     5   Next: 46%
Magic:  5/5        EV: 11    Int:  7    God:    Trog [*.....]
Gold:   150        SH:  0    Dex: 11    Spells: 4/4 levels left

rFire   + . .      SeeInvis .    m - +0 flail
rCold   . . .      Faith    .    (no shield)
rNeg    + . .      Spirit   .    e - +0 ring mail
rPois   ∞          Reflect  .    (no helmet)
rElec   +          Harm     .    b - +0 cloak
rCorr   .          Rampage  .    (no gloves)
Will    .....                    (no boots)
Stlth   +.........               (no amulet)
HPRegen 0.25/turn                f - +6 ring of strength
MPRegen 0.09/turn                r - ring of protection from fire

@: no status effects
A: sickness immunity, AC +4, negative energy resistance 1, electricity
resistance, torment resistance 1, petrification resistance
a: Renounce Religion, Berserk


You were on level 4 of the Dungeon.
You worshipped Trog.
Trog was aware of your devotion.
You visited 1 branch of the dungeon, and saw 4 of its levels.

You collected 150 gold pieces.

Inventory:

Hand Weapons
 m - a +0 flail (weapon)
Armour
 b - a +0 cloak (worn)
 e - a +0 ring mail (worn)
Jewellery
 f - a +6 ring of strength (left hand)
 o - a ring of fire
 r - a ring of protection from fire (right hand)
 t - a ring of positive energy
Scrolls
 a - a scroll of immolation {unknown}
 d - a scroll of fear {unknown}
 g - a scroll of blinking {unknown}
 i - 3 scrolls of identify {unknown}
 j - 2 scrolls of fog {unknown}
 k - a scroll of enchant armour {unknown}
 l - 2 scrolls of magic mapping {unknown}
 n - a scroll of teleportation {unknown}
 s - a scroll of poison {unknown}
Potions
 c - a potion of lignification {unknown}
 h - 2 potions of ambrosia {unknown}
 p - a potion of invisibility {unknown}
 q - 2 potions of attraction {unknown}


   Skills:
 + Level 4.3 Fighting
 + Level 3.9 Maces & Flails
 + Level 3.5 Armour
 + Level 2.5 Dodging


You had 4 spell levels left.
You didn't know any spells.
Your spell library was empty.

Dungeon Overview and Level Annotations

Branches:
Dungeon (4/15)
 Temple: D:4-7

Altars:
Gozag


Innate Abilities, Weirdness & Mutations

You are immune to sickness and miasma.
Your stone body is resilient. (AC +4)
You are immune to poison.
You resist negative energy. (rN+)
You are resistant to electric shocks. (rElec)
You are resistant to unholy torment.
You are immune to petrification.


Message History

You barely miss the wight.
The wight is severely damaged.
You feel the effects of Trog's Hand fading.
The wight hits you with a +0 dagger. The wight closely misses you.
You closely miss the wight.
The wight is heavily damaged.
The wight barely misses you.
You barely miss the wight.
The wight is heavily damaged.
The wight closely misses you.
You completely miss the wight.
The wight is heavily damaged.
The wight completely misses you.
You thump the wight!
You destroy the wight!
Trog accepts your kill. The adder bites you but does no damage.
The wight barely misses you.
You have reached level 5!
You sock the adder!
The adder is severely wounded.
Your skin stops crawling.
You feel less strong-willed. The adder bites you but does no damage.
The wight hits you from afar with a +1 halberd!
You hit the adder.
You kill the adder!
Trog accepts your kill. The wight closely misses you.
You hit the wight.
The wight is almost destroyed.
The wight hits you with a +0 dire flail!
The wight closely misses you.
You hit the wight but do no damage.
The wight is almost destroyed.
The wight hits you with a +0 dire flail.
The wight barely misses you.
You barely miss the wight.
The wight is almost destroyed.
The wight barely misses you.
The wight hits you from afar with a +1 halberd!
You die...

#.##.#.........
#....).########
####.### #..#
#.## #.# # #.#
...
##.####....<
#...@zz.....
#..###z.....
#... ..... #.#.
.... #. .. ...
## .# .. .# .


You could see 3 wights.

Vanquished Creatures
  A wight (D:4)
  Crazy Yiuf (D:2)
  4 adders
  A worm (D:3)
  7 endoplasms
  2 giant cockroaches
  2 goblins (D:3)
  8 hobgoblins
  7 kobolds
  A quokka (D:2)
  4 ball pythons
  3 bats
  4 frilled lizards
  6 rats
51 creatures vanquished.

Vanquished Creatures (others)
  A dart slug (D:4)
1 creature vanquished.

Grand Total: 52 creatures vanquished

Notes
Turn   | Place    | Note
-------+----------+-------------------------------------------
     0 | D:1      | Borgoz the Gargoyle Berserker began the quest for the Orb.
     0 | D:1      | Reached XP level 1. HP: 14/14 MP: 1/1
   190 | D:1      | Reached XP level 2. HP: 19/19 MP: 2/2
   693 | D:2      | Reached XP level 3. HP: 19/23 MP: 3/3
  1072 | D:2      | Found a runed translucent door.
  1073 | D:2      | Noticed Crazy Yiuf
  1142 | D:2      | Killed Crazy Yiuf
  1143 | D:2      | Reached XP level 4. HP: 29/29 MP: 4/4
  1273 | D:3      | Reached ** piety under Trog
  1308 | D:3      | Reached skill level 4 in Fighting
  1862 | D:3      | Found an opulent altar of Gozag.
  2126 | D:4      | Reached XP level 5. HP: 33/33 MP: 5/5
  2130 | D:4      | Slain by a wight

Illustrated notes

Levels and vault maps discovered:
D:1:      onia_arrival_mini_spirals, layout_rooms, roderic_serpentine_path
D:2:      layout_loops_cross, minmay_pentomino_q2, uniq_crazy_yiuf_cottage
D:3:      layout_basic, grunt_gozag_statues, minmay_close_crescents
D:4:      layout_loops_cross, elyvilon_altar_4, gammafunk_ghost_abyssal_escape,
          uniq_duvessa

Skill      XL: |  1  2  3  4 |
---------------+-------------+-----
Dodging        | 2 |  2.5
Armour         | 3 |  3.5
Fighting       | 4 |  4.3
Maces & Flails | |  3.9

Action                   |  1- 3 |  4- 6 || total
-------------------------+-------+-------++-------
Melee: Mace              |    88 |       ||    88
       Flail             |     6 |    73 ||    79
       Punch             |       |     2 ||     2
Invok: Berserk           |     1 |       ||     1
       Trog's Hand       |       |     1 ||     1
Armor: Animal skin       |    36 |       ||    36
       Ring mail         |     2 |    33 ||    35
Dodge: Dodged            |    81 |    35 ||   116

Table legend: (Time is in decaauts)
 A = Elapsed time spent in this place.
 B = Non-inter-level travel time spent in this place.
 C = Inter-level travel time spent in this place.
 D = Time resting spent in this place.
 E = Time spent auto-exploring this place.
 F = Levels seen in this place.
 G = Mean time per level.
                   A        B        C        D        E       F      G
               +--------+--------+--------+--------+--------+-----+--------+
         Total |   2181 |   2116 |     65 |      0 |   1718 |   4 |  545.2 |
       Dungeon |   2181 |   2116 |     65 |      0 |   1718 |   4 |  545.2 |
               +--------+--------+--------+--------+--------+-----+--------+

Top non-repeatable levels by time:
     D:3: 901 daAuts
     D:2: 826 daAuts
     D:1: 404 daAuts
     D:4: 49 daAuts
